 Dungeon Crawl Stone Soup version 0.28.0-47-ge53b351184 (webtiles) character file.

Game seed: 13412430365656175383

132 GigaChad the Covered (level 4, -1/39 (40) HPs)
             Began as a Minotaur Fighter on May 10, 2022.
             Slain by a gnoll
             ... wielding a +0 spear
              (7 damage)
             ... on level 3 of the Dungeon.
             The game lasted 00:06:20 (3223 turns).

GigaChad the Covered (Minotaur Fighter)             Turns: 3223, Time: 00:06:20

HP:   -1/39 (40)    AC:  7    Str: 21    XL:     4   Next: 92%
MP:   3/3           EV:  9    Int:  5    God:
Gold: 41            SH:  5    Dex: 11    Spells: 3/3 levels left

rFire   . . .      SeeInvis +   a - +0 long sword
rCold   . . .      Faith    .   c - +0 buckler
rNeg    . . .      Spirit   .   b - +0 scale mail
rPois   .          Reflect  .   (helmet restricted)
rElec   .          Harm     .   (no cloak)
rCorr   .          Rampage  .   (no gloves)
Will    .....                   (no boots)
Stlth   ..........              (no amulet)
HPRegen 0.13/turn               e - ring of see invisible
MPRegen 0.08/turn               (no ring)

@: lightly drained
A: horns 2, retaliatory headbutt
a: no special abilities


You were on level 3 of the Dungeon.
You visited 1 branch of the dungeon, and saw 3 of its levels.

You collected 41 gold pieces.

Inventory:

Hand Weapons
 a - a +0 long sword (weapon)
Armour
 b - a +0 scale mail (worn)
 c - a +0 buckler (worn)
Jewellery
 e - a ring of see invisible (left hand)
Wands
 g - a wand of polymorph (7)
Scrolls
 h - 2 scrolls of summoning
 i - a scroll of noise {unknown}
 j - 2 scrolls of identify
 k - 3 scrolls of teleportation {unknown}
Potions
 d - a potion of might
 f - a potion of resistance {unknown}


   Skills:
 + Level 4.0 Fighting
 + Level 4.0 Long Blades
 + Level 4.7 Armour
 + Level 1.4 Dodging
 + Level 4.4 Shields
 + Level 0.1 Unarmed Combat


You had 3 spell levels left.
You didn't know any spells.
Your spell library contained the following spells:

 Spells                   Type           Power      Damage    Failure   Level
 Gell's Gravitas          Tloc           0%         N/A       99%         3
 Ozocubu's Armour         Ice            0%         N/A       99%         3
 Teleport Other           Tloc           0%         N/A       99%         3
 Dispersal                Tloc           0%         N/A       100%        6
 Ozocubu's Refrigeration  Ice            0%         4d5       100%        7
 Chain Lightning          Conj/Air       0%         N/A       100%        9
 Fire Storm               Conj/Fire      0%         5d1       100%        9
 Shatter                  Erth           0%         3d5*      100%        9


Dungeon Overview and Level Annotations

Branches:
Dungeon (3/15)

Altars:
Wu Jian


Innate Abilities, Weirdness & Mutations

You have a pair of horns on your head.
You reflexively headbutt those who attack you in melee.


Message History

The gnoll hits you with a +0 halberd! The gnoll barely misses you.
You slash the gnoll!
The gnoll is almost dead.
The gnoll barely misses you.
You slash the gnoll!
You kill the gnoll!
You hit the gnoll but do no damage.
The gnoll hits you with a +6 flail of draining.
You feel drained.
The gnoll hits you from afar with a +0 spear.
You hit the gnoll.
The gnoll is heavily wounded.
The gnoll hits you with a +6 flail of draining.
* * * LOW HITPOINT WARNING * * *
You feel drained.
* * * LOW HITPOINT WARNING * * *
The gnoll hits you from afar with a +0 spear.
* * * LOW HITPOINT WARNING * * *
You slash the gnoll!
You kill the gnoll!
The gnoll hits you but does no damage.
Your Long Blades skill increases to level 4!
You block the gnoll's attack.
You hit the gnoll.
The gnoll is moderately wounded.
You block the gnoll's attack. The gnoll hits you but does no damage.
You hit the gnoll. You headbutt the gnoll.
The gnoll is heavily wounded.
The gnoll completely misses you.
You barely miss the gnoll.
You headbutt the gnoll, but do no damage.
The gnoll is heavily wounded.
The gnoll hits you but does no damage.
You hit the gnoll.
The gnoll is severely wounded.
The gnoll closely misses you.
You hit the gnoll but do no damage.
The gnoll is severely wounded.
The gnoll barely misses you. The gnoll hits you with a +0 spear!
You die...

...#.# #....# #....#
#....# #....#
#....######
####......# #......##
########## #....<..##
#.@g....).
#.##..#..###.########
####............#
.....#########..#
###..# #..# #..# #..#
#..# #..# #..^ ^..#
#..#. #..#


You could see a gnoll.

Vanquished Creatures
  Ijyb (D:3)
  An adder (D:3)
  2 gnolls (D:3)
  4 worms (D:2)
  2 dart slugs
  3 bats (D:1)
  6 endoplasms
  4 giant cockroaches
  3 hobgoblins
  6 kobolds
  A quokka (D:1)
  8 ball pythons
  9 frilled lizards
  10 goblins
  A rat (D:3)
61 creatures vanquished.

Notes
Turn   | Place    | Note
-------+----------+-------------------------------------------
     0 | D:1      | GigaChad the Minotaur Fighter began the quest for the Orb.
     0 | D:1      | Reached XP level 1. HP: 19/19 MP: 0/0
   385 | D:1      | Reached XP level 2. HP: 27/27 MP: 1/1
  1219 | D:1      | Found a faded altar of an unknown god.
  1222 | D:1      | Reached XP level 3. HP: 28/33 MP: 2/2
  2154 | D:2      | Reached XP level 4. HP: 40/40 MP: 3/3
  2407 | D:3      | Reached skill level 1 in Dodging
  2645 | D:3      | Found an ornate altar of the Wu Jian Council.
  2886 | D:3      | Noticed Ijyb
  2955 | D:3      | Killed Ijyb
  3223 | D:3      | Slain by a gnoll

Illustrated notes

Levels and vault maps discovered:
D:1:      minmay_arrival_loop, layout_rooms,
          shapermc_ecumenical_altar_mp_highgroup, minmay_tetromino_o4
D:2:      layout_basic, minmay_misc_feat_tower, minmay_pentomino_pile
D:3:      layout_basic, ashenzari_conservatory_becter,
          mainiacjoe_overflow_alcove_4, lemuel_tele_altar, uniq_ijyb

Skill      XL: |  1  2  3  4 |
---------------+-------------+-----
Shields        | 4 |  4.4
Long Blades    | 3 4 |  4.0
Armour         | 4 |  4.7
Dodging        | 1 |  1.4
Fighting       | 4 |  4.0
Unarmed Combat | |  0.1

Action                   |  1- 3 |  4- 6 || total
-------------------------+-------+-------++-------
Melee: Long sword        |   107 |    34 ||   141
       Headbutt          |     9 |     7 ||    16
       Unarmed           |       |    20 ||    20
  Use: Scroll            |     2 |       ||     2
Armor: Scale mail        |    57 |    15 ||    72
       Skin              |       |     2 ||     2
Dodge: Dodged            |    64 |    21 ||    85
Block: Buckler           |    40 |     6 ||    46
